 Dungeon Crawl Stone Soup version 0.24-a0-521-g122614b (webtiles) character file.

Game seed: 4866019170149529627

180 pkoi the Slasher (level 5, -1/41 HPs)
             Began as a Formicid Fighter on July 29, 2019.
             Slain by a rat (2 damage)
             ... summoned by Eustachio
             ... on level 4 of the Dungeon.
             The game lasted 00:04:07 (3041 turns).

pkoi the Slasher (Formicid Fighter)                 Turns: 3041, Time: 00:04:08

Health: -1/41      AC:  7    Str: 22      XL:     5   Next: 91%
Magic:  5/5        EV:  7    Int:  7      God:
Gold:   223        SH:  8    Dex:  6 (10) Spells: 4/4 levels left

rFire    . . .     SeeInvis +   a - +0 long sword
rCold    . . .     Gourm    .   c - +0 shield
rNeg     . . .     Faith    .   b - +0 scale mail
rPois    .         Spirit   .   (helmet unavailable)
rElec    .         Reflect  .   (no cloak)
rCorr    .         Harm     .   s - +0 pair of gloves
MR       .....                  (no boots)
Stlth    ..........             (no amulet)
HPRegen  0.13/turn              h - ring of wizardry
MPRegen  0.09/turn              (no ring)

@: heavily drained
A: permanent stasis, dig shafts and tunnels, four strong arms, antennae 3
a: Dig, Shaft Self


You were on level 4 of the Dungeon.
You were not hungry.

You visited 1 branch of the dungeon, and saw 4 of its levels.

You collected 223 gold pieces.

Inventory:

Hand Weapons
 a - a +0 long sword (weapon)
Armour
 b - a +0 scale mail (worn)
 c - a +0 shield (worn)
 s - a +0 pair of gloves (worn)
Jewellery
 h - a ring of wizardry (left hand)
Scrolls
 m - a scroll of remove curse
 n - a scroll of fear {unknown}
 p - a scroll of random uselessness {unknown}
 q - a scroll of noise {unknown}
Potions
 d - 2 potions of might
 e - a potion of degeneration {unknown}
 g - a potion of invisibility {unknown}
 j - a potion of ambrosia
 k - a potion of flight {unknown}
 l - 3 potions of curing {unknown}
Comestibles
 f - 7 rations


   Skills:
 - Level 3.2(1.8) Fighting
 + Level 5.6(4.1) Long Blades
 - Level 3.2(1.8) Armour
 - Level 3.6(2.1) Shields


You had 4 spell levels left.
You didn't know any spells.
Your spell library was empty.

Dungeon Overview and Level Annotations

Branches:
Dungeon (4/15)
 Temple: D:4-7

Altars:

Annotations:
D:4 Eustachio


Innate Abilities, Weirdness & Mutations

You cannot be hasted, slowed, berserked, paralysed or teleported.
You can dig through walls and to a lower floor.
Your four strong arms can wield two-handed weapons with a shield.
You have a pair of large antennae on your head. (SInv)


Message History

* * * LOW HITPOINT WARNING * * *
The quasit claws you but does no damage.
You closely miss the rat. The rat bites you.
* * * LOW HITPOINT WARNING * * *
The quasit bites you but does no damage.
The quasit closely misses you.
The quasit claws you but does no damage.
Eustachio hits you but does no damage. You block the river rat's attack.
The rat bites you but does no damage.
You closely miss the rat. You block the quasit's attack.
The quasit closely misses you.
The quasit claws you but does no damage.
The river rat bites you.
* * * LOW HITPOINT WARNING * * *
Eustachio hits you but does no damage. The quasit bites you.
* * * LOW HITPOINT WARNING * * *
The quasit closely misses you.
The quasit claws you but does no damage.
The rat bites you.
You die...

.......# .......#
.......# .......#
.......# .ยง.....#
#'#################
..............5@5.#
#.##############@##
..# #.rr# ..#
#.#### .##
######.#.<# ..#
...........# #.#
#######r#..# ..# #
#.#.## #.#.# #.#.#
.... #.#.#


You could see Eustachio, an iron imp, a quasit, a river rat and a rat.

Vanquished Creatures
  An iguana (D:3)
  2 adders (D:3)
  6 gnolls
  A shadow imp (D:2)
  An ooze (D:2)
  A dart slug (D:1)
  2 leopard geckos
  3 giant cockroaches
  7 hobgoblins
  7 kobolds
  2 quokkas (D:2)
  A ball python (D:3)
  7 bats
  6 frilled lizards
  7 goblins
  9 rats
63 creatures vanquished.

Notes
Turn   | Place    | Note
-------+----------+-------------------------------------------
     0 | D:1      | pkoi the Formicid Fighter began the quest for the Orb.
     0 | D:1      | Reached XP level 1. HP: 18/18 MP: 1/1
   100 | D:1      | Reached XP level 2. HP: 24/24 MP: 2/2
   260 | D:1      | Reached skill level 3 in Long Blades
   331 | D:1      | Reached XP level 3. HP: 19/29 MP: 3/3
  1099 | D:2      | Reached skill level 4 in Long Blades
  1099 | D:2      | Reached XP level 4. HP: 22/35 MP: 4/4
  2138 | D:2      | Reached XP level 5. HP: 17/41 MP: 5/5
  2139 | D:2      | Reached skill level 5 in Long Blades
  2901 | D:4      | Noticed Eustachio
  3041 | D:4      | HP: 2/41 [river rat[Eustachio] (2)]
  3041 | D:4      | Slain by a rat

Levels and vault maps discovered:
D:1:      lemuel_arrival_hallway, layout_loops_ring
D:2:      layout_loops_corners, first_ration
D:3:      layout_rooms, minmay_between
D:4:      layout_basic, uniq_eustachio, uniq_edmund, uniq_natasha

Skill      XL: |  1  2  3  4  5 |
---------------+----------------+-----
Long Blades    | 3 4 5 |  5.6
Fighting       | |  3.2
Armour         | |  3.2
Shields        | |  3.6

Action                   |  1- 3 |  4- 6 || total
-------------------------+-------+-------++-------
Melee: Long sword        |   121 |   126 ||   247
  Use: Scroll            |       |     4 ||     4
  Eat: Chunk             |     1 |     6 ||     7
Armor: Scale mail        |    42 |    86 ||   128
Dodge: Dodged            |    37 |    75 ||   112
Block: Shield            |    55 |   106 ||   161
       Rpst.: Long sword |     9 |    23 ||    32

Table legend:
 A = Non-vault XP
 B = Vault XP
 C = Vault XP percentage of total XP
 D = Non-vault monster count
 E = Vault monster count
 F = Vault count percentage of total count
                 A         B        C        D         E       F
            +---------+---------+-------+---------+---------+-------
      Total |     227 |      31 |  12.0 |      59 |       4 |   6.3
            +---------+---------+-------+---------+---------+-------
        D:1 |      49 |       0 |   0.0 |      29 |       0 |   0.0
        D:2 |      74 |       0 |   0.0 |      20 |       0 |   0.0
        D:3 |      75 |      31 |  29.2 |       8 |       4 |  33.3
        D:4 |      29 |       0 |   0.0 |       2 |       0 |   0.0
            +---------+---------+-------+---------+---------+-------
